 Dungeon Crawl Stone Soup version 0.28-a0-938-gbc3f381ebc (webtiles) character file.

Game seed: 13242699839267124710

109 Peloso the Covered (level 4, -4/41 HPs)
             Began as a Minotaur Fighter on Nov 28, 2021.
             Slain by a kobold brigand (7 damage)
             ... on level 3 of the Dungeon.
             The game lasted 00:04:11 (2086 turns).

Peloso the Covered (Minotaur Fighter)               Turns: 2086, Time: 00:04:11

Health: -4/41      AC:  7    Str: 21    XL:     4   Next: 60%
Magic:  3/3        EV: 10    Int:  5    God:
Gold:   23         SH:  4    Dex: 10    Spells: 3/3 levels left

rFire   . . .      SeeInvis .   a - +1 long sword
rCold   . . .      Faith    +   c - +0 buckler
rNeg    . . .      Spirit   .   b - +0 scale mail
rPois   .          Reflect  .   (helmet restricted)
rElec   .          Harm     .   (no cloak)
rCorr   .          Rampage  .   (no gloves)
Will    .....                   (no boots)
Stlth   ..........              k - amulet of faith
HPRegen 0.13/turn               (no ring)
MPRegen 0.08/turn               (no ring)

@: mighty, slowed, very slow
A: horns 2, retaliatory headbutt
a: no special abilities


You were on level 3 of the Dungeon.
You visited 1 branch of the dungeon, and saw 3 of its levels.

You collected 155 gold pieces.
You spent 132 gold pieces at shops.

Inventory:

Hand Weapons
 a - a +1 long sword (weapon)
Armour
 b - a +0 scale mail (worn)
 c - a +0 buckler (worn)
Jewellery
 h - an amulet of magic regeneration
 k - an amulet of faith (around neck)
 p - an amulet of reflection
Scrolls
 f - a scroll of enchant weapon
 m - a scroll of fog
 n - a scroll of magic mapping {unknown}
 o - a scroll of fear {unknown}
Potions
 d - 2 potions of might
 e - 2 potions of heal wounds {unknown}
 g - 2 potions of mutation
 i - 2 potions of brilliance {unknown}
 j - 2 potions of degeneration {unknown}


   Skills:
 + Level 4.4 Fighting
 + Level 3.7 Long Blades
 + Level 4.5 Armour
 + Level 0.7 Dodging
 + Level 0.1 Stealth
 + Level 4.3 Shields


You had 3 spell levels left.
You didn't know any spells.
Your spell library contained the following spells:

 Spells                   Type           Power      Damage    Failure   Level
 Corpse Rot               Necr/Air       0%         N/A       91%         2
 Poisonous Vapours        Pois/Air       0%         N/A       91%         2


Dungeon Overview and Level Annotations

Branches:
Dungeon (3/15)

Altars:

Shops:
D:3 !


Innate Abilities, Weirdness & Mutations

You have a pair of horns on your head.
You reflexively headbutt those who attack you in melee.


Message History

You feel sick.
You feel sick.
You feel sick.
You are no longer poisoned.
You open the door. The hobgoblin closely misses you. You furiously retaliate!
You headbutt the hobgoblin!
You kill the hobgoblin!
The kobold brigand throws a curare-tipped dart.
The curare-tipped dart hits you.
You are poisoned.
You have difficulty breathing.
* * * LOW HITPOINT WARNING * * *
You feel as though you will be slow longer.
The kobold brigand throws a curare-tipped dart.
The curare-tipped dart hits you.
You are more poisoned.
You have difficulty breathing.
* * * LOW HITPOINT WARNING * * *
You feel as though you will be slow longer.
There is an open door here.
You feel better.
The kobold brigand throws a curare-tipped dart.
You block the curare-tipped dart.
You feel very mighty all of a sudden.
You slice the kobold brigand!!
The kobold brigand is severely wounded.
The kobold brigand hits you with a +0 club.
* * * LOW HITPOINT WARNING * * *
The kobold brigand hits you with a +0 club.
* * * LOW HITPOINT WARNING * * *
You closely miss the kobold brigand.
The kobold brigand is severely wounded.
The kobold brigand misses you.
The kobold brigand hits you with a +0 club.
* * * LOW HITPOINT WARNING * * *
You closely miss the kobold brigand.
The kobold brigand is severely wounded.
You block the kobold brigand's attack.
The kobold brigand hits you with a +0 club!
You die...

.. #........##.....# ≈≈
#........##.....# ≈≈
#........+......# #≈
########........#......#
...#####.)...##........#.###'##
#..K..K..).............#+###'###
###.....###K....................
##########.##.......÷.........
#..(...)##@................
###.......##K................
#.........'.......>..........
#.........##...##..##+#.###.#
#..........#...##............
#######........#...#.............
..... #......................####
......#............#.............
......#....###.....###...........


You could see a kobold brigand.

Vanquished Creatures
  A hound (D:2)
  2 adders (D:2)
  A dart slug (D:2)
  7 ball pythons
  3 bats
  3 endoplasms
  A giant cockroach (D:3)
  4 goblins (D:1)
  8 hobgoblins
  6 jackals (D:1)
  9 kobolds
  3 quokkas
  2 frilled lizards
  3 rats
53 creatures vanquished.

Vanquished Creatures (others)
  2 fungi (D:1)
  10 plants (D:1)
12 creatures vanquished.

Grand Total: 65 creatures vanquished

Notes
Turn   | Place    | Note
-------+----------+-------------------------------------------
     0 | D:1      | Peloso the Minotaur Fighter began the quest for the Orb.
     0 | D:1      | Reached XP level 1. HP: 19/19 MP: 0/0
    80 | D:1      | Reached XP level 2. HP: 22/27 MP: 1/1
   776 | D:1      | Reached XP level 3. HP: 33/33 MP: 2/2
   832 | D:1      | Found a faded altar of an unknown god.
  1569 | D:2      | Reached XP level 4. HP: 21/41 MP: 3/3
  1783 | D:3      | Found Tivataull's Distillery.
  1806 | D:3      | Bought a potion of curing for 36 gold pieces
  1964 | D:3      | Bought a potion of mutation for 96 gold pieces
  2068 | D:3      | Noticed a kobold brigand
  2078 | D:3      | HP: 1/41 [asphyx]
  2086 | D:3      | Slain by a kobold brigand

Illustrated notes

Levels and vault maps discovered:
D:1:      erik_arrival_blinker_ship, layout_basic,
          shapermc_ecumenical_altar_mp_ritualfount
D:2:      layout_rooms, serial_glass, glass_columns_a, glass_columns_a,
          glass_columns_a, glass_columns_b, glass_columns_a, glass_columns_a,
          glass_columns_b, glass_columns_b, item_on_display_a, item_on_display_a
D:3:      cheibrodos_thug_alley, layout_basic, serial_shops, shop_coins,
          kennysheep_generic_room_6

Skill      XL: |  1  2  3 |
---------------+----------+-----
Shields        | 4 |  4.3
Armour         | 4 |  4.5
Fighting       | 4 |  4.4
Long Blades    | 3 |  3.7
Dodging        | |  0.7
Stealth        | |  0.1

Action                   |  1- 3 |  4- 6 || total
-------------------------+-------+-------++-------
Melee: Long sword        |    93 |    22 ||   115
       Headbutt          |    10 |     4 ||    14
  Use: Scroll            |     5 |       ||     5
       Potion            |       |     2 ||     2
Armor: Scale mail        |    33 |     9 ||    42
Dodge: Dodged            |    58 |     5 ||    63
Block: Buckler           |    25 |     8 ||    33

Table legend: (Time is in decaauts)
 A = Elapsed time spent in this place.
 B = Non-inter-level travel time spent in this place.
 C = Inter-level travel time spent in this place.
 D = Time resting spent in this place.
 E = Time spent auto-exploring this place.
 F = Levels seen in this place.
 G = Mean time per level.
                   A        B        C        D        E       F      G
               +--------+--------+--------+--------+--------+-----+--------+
         Total |   2124 |   2104 |     20 |    153 |   1477 |   3 |  708.0 |
       Dungeon |   2124 |   2104 |     20 |    153 |   1477 |   3 |  708.0 |
               +--------+--------+--------+--------+--------+-----+--------+

Top non-repeatable levels by time:
     D:1: 1022 daAuts
     D:2: 722 daAuts
     D:3: 380 daAuts
